 Dungeon Crawl Stone Soup version 0.26.1-2-gb8aa6d0cf2 (webtiles) character file.

Game seed: 9625285894342902340

440 Gadfly the Skirmisher (level 7, -6/70 HPs)
             Began as an Ogre Monk on Feb 13, 2021.
             Shot with an arrow by a centaur (15 damage)
             ... on level 5 of the Dungeon.
             The game lasted 00:07:35 (4975 turns).

Gadfly the Skirmisher (Ogre Monk)                   Turns: 4975, Time: 00:07:35

Health: -6/70      AC:  4    Str: 18    XL:     7   Next: 2%
Magic:  9/9        EV: 10    Int: 11    God:
Gold:   219        SH:  0    Dex: 11    Spells: 6/6 levels left

rFire    . . .     SeeInvis .   b - +2 dagger (venom)
rCold    . . .     Faith    .   (no shield)
rNeg     . . .     Spirit   .   l - +1 robe
rPois    .         Reflect  .   (helmet restricted)
rElec    .         Harm     .   (no cloak)
rCorr    .         Rampage  .   (gloves unavailable)
Will     .....                  (boots unavailable)
Stlth    ++........             k - amulet of the acrobat
HPRegen  0.21/turn              (no ring)
MPRegen  0.11/turn              (no ring)

@: no status effects
A: large, unfitting armour, tough skin 1
a: no special abilities


You were on level 5 of the Dungeon.
You visited 1 branch of the dungeon, and saw 5 of its levels.

You collected 219 gold pieces.

Inventory:

Hand Weapons
 a - a +0 flail
 b - a +2 dagger of venom (weapon)
 e - a +0 antimagic trident
Missiles
 g - 6 boomerangs (quivered)
Armour
 l - a +1 robe (worn)
Jewellery
 k - an amulet of the acrobat (around neck)
Wands
 f - a wand of flame (14)
 m - a wand of iceblast (9)
Scrolls
 d - a scroll of magic mapping
Potions
 c - a potion of flight
 j - 4 potions of haste
 n - a potion of mutation


   Skills:
 - Level 4.0 Fighting
 + Level 3.4 Maces & Flails
 * Level 2.9 Throwing
 * Level 2.5 Armour
 - Level 2.6 Dodging
 - Level 1.4 Stealth
 * Level 3.3 Invocations
 * Level 2.3 Evocations


You had 6 spell levels left.
You didn't know any spells.
Your spell library was empty.

Dungeon Overview and Level Annotations

Branches:
Dungeon (5/15)
 Temple: D:4-7

Altars:
Ru

Annotations:
D:5 Ijyb


Innate Abilities, Weirdness & Mutations

You are too large for most types of armour.
You have tough skin. (AC +1)


Message History

The centaur hits you.
* * * LOW HITPOINT WARNING * * *
Okay, then.
You barely miss the centaur.
The centaur is heavily wounded.
The centaur hits you.
* * * LOW HITPOINT WARNING * * *
An orc wizard comes into view. It is wielding a +0 dagger.
The centaur hits you.
* * * LOW HITPOINT WARNING * * *
The centaur wields a +0 shortbow.
The centaur shoots an arrow.
The arrow completely misses you.
The orc wizard shouts!
Throw: 6 boomerangs
Press: ? - help, Q - select action, (/) - cycle Shift-Dir - straight line, f - centaur
Aim: a centaur, wielding a +0 shortbow and quivering 7 arrows (severely wounded, very poisoned, 70% to hit)
You throw a boomerang. The boomerang hits the centaur.
The centaur is almost dead.
The centaur shoots an arrow.
The arrow hits you!
You die...

# .. .# # . ###. .. .
#.. #.#. #g# #
##(..##c###.#.#
..o......@....#.
###.....(........
#.###(###..(### # #(#
#.#.## #)# #.#..# .###
#.# #.#..##.# .....
#.# #.#...#.#
#....###(###.#.#.#.#
#..............#.#.#.#


You could see a centaur (very poisoned) and an orc wizard.

Vanquished Creatures
  Sigmund (D:3)
  A hound (D:5)
  3 orc wizards
  A howler monkey skeleton (D:4)
  6 adders
  A white imp (D:5)
  3 worms
  4 dart slugs
  2 leopard geckos
  14 orcs
  A ball python (D:4)
  4 giant cockroaches
  8 goblins
  8 hobgoblins
  8 kobolds
  3 quokkas
  6 bats
  A frilled lizard (D:1)
  A quokka skeleton (D:4)
76 creatures vanquished.

Notes
Turn   | Place    | Note
-------+----------+-------------------------------------------
     0 | D:1      | Gadfly the Ogre Monk began the quest for the Orb.
     0 | D:1      | Reached XP level 1. HP: 24/24 MP: 1/1
   142 | D:1      | Reached XP level 2. HP: 24/32 MP: 2/2
   695 | D:1      | Reached skill level 1 in Invocations
   843 | D:1      | Reached XP level 3. HP: 28/39 MP: 3/3
  1279 | D:2      | Reached skill level 1 in Throwing
  1279 | D:2      | Reached skill level 1 in Armour
  1690 | D:2      | Reached skill level 1 in Evocations
  1697 | D:2      | Reached XP level 4. HP: 22/48 MP: 5/5
  2965 | D:3      | Noticed Sigmund
  3270 | D:3      | Reached XP level 5. HP: 54/54 MP: 6/6
  3376 | D:3      | Found a sacrificial altar of Ru.
  3429 | D:3      | Killed Sigmund
  3430 | D:3      | Reached XP level 6. HP: 31/62 MP: 2/8
  4674 | D:5      | Entered Level 5 of the Dungeon
  4958 | D:5      | Reached XP level 7. HP: 34/70 MP: 9/9
  4967 | D:5      | Noticed Ijyb
  4975 | D:5      | Shot with an arrow by a centaur

Illustrated notes

Levels and vault maps discovered:
D:1:      roderic_dead_forest, layout_basic
D:2:      layout_loops_cross
D:3:      layout_loops_ring, lemuel_round_altar, serial_co_window_serial,
          co_window_paths_b, co_window_paths_a, co_window_paths_b,
          co_window_of_opportunity_a, co_window_corner_a, co_window_paths_c,
          co_window_cross_2, co_window_corner_b, co_window_cross_3,
          co_window_unsneaky_path_c, glass_columns_a, glass_columns_c,
          glass_columns_b, uniq_sigmund
D:4:      layout_rooms
D:5:      layout_basic, uniq_ijyb

Skill      XL: |  1  2  3  4  5  6 |
---------------+-------------------+-----
Invocations    | 1 2 3 |  3.3
Throwing       | 1 2 |  2.9
Armour         | 1 2 |  2.5
Evocations     | 1 2 |  2.3
Maces & Flails | 3 |  3.4
Fighting       | |  4.0
Dodging        | |  2.6
Stealth        | |  1.4

Action                   |  1- 3 |  4- 6 |  7- 9 || total
-------------------------+-------+-------+-------++-------
Melee: Mace              |    67 |       |       ||    67
       Flail             |    22 |    71 |       ||    93
       Trident           |       |     9 |       ||     9
       Dagger            |       |    99 |     7 ||   106
Throw: Stone             |     1 |       |       ||     1
       Boomerang         |       |    11 |     1 ||    12
  Use: Scroll            |     4 |     9 |       ||    13
       Potion            |       |       |     2 ||     2
 Stab: Sleeping          |     2 |     7 |       ||     9
Armor: Robe              |    20 |    37 |     1 ||    58
Dodge: Dodged            |    46 |   114 |     9 ||   169
